 Dungeon Crawl Stone Soup version 0.20.1-1-g8b1a95d (webtiles) character file.

47023 Draznyth the Severer (level 14, -4/126 HPs)
             Began as a Deep Dwarf Fighter on Nov 18, 2017.
             Was the Champion of Makhleb.
             Killed from afar by a shock serpent (31 damage)
             ... with a bolt of electricity
             ... on level 2 of the Snake Pit on Nov 21, 2017.
             The game lasted 02:15:24 (14675 turns).

Draznyth the Severer (Deep Dwarf Fighter)          Turns: 14675, Time: 02:15:25

Health: -4/126     AC: 29    Str: 30 (31) XL:     14   Next: 7%
Magic:  12/12      EV:  8    Int: 10      God:    Makhleb [******]
Gold:   786        SH:  0    Dex: 12      Spells: 13/13 levels left

rFire    . . .     SeeInvis +   v - +2 war axe (chop)
rCold    + . .     Gourm    .   (no shield)
rNeg     + . .     Faith    +   x - +9 plate armour of the Desert {rPois Str+4 Slay+3}
rPois    +         Spirit   .   c - +1 helmet
rElec    .         Reflect  .   o - scarf {cloud immunity}
rCorr    +         Harm     .   f - +2 pair of gloves {Str+3}
MR       ++...                  (no boots)
Stlth    ..........             C - amulet of faith
Regen    0.0/turn               j - ring of resist corrosion
MPRegen  0.2/turn               O - ring of see invisible

@: non-regenerating
A: damage resistance, heal wounds, cold resistance 1, deterioration 1, low mp 1,
negative energy resistance 1, sense surroundings 2, no regeneration
a: Heal Wounds, Minor Destruction, Lesser Servant of Makhleb, Major Destruction,
Greater Servant of Makhleb, Renounce Religion


You were on level 2 of the Snake Pit.
You worshipped Makhleb.
Makhleb was exalted by your worship.
You were not hungry.

You visited 5 branches of the dungeon, and saw 16 of its levels.
You also visited: Ossuary.

You collected 811 gold pieces.
You spent 25 gold pieces at shops.

Inventory:

Hand Weapons
 b - a +0 longbow
 u - a +0 quarterstaff of crushing
 v - a +2 war axe of chopping (weapon)
 B - a +0 battleaxe
 E - a +0 shortbow
 H - a +2 quarterstaff of chaos
 M - a +1 hand axe of freezing
 P - a +0 great mace
Missiles
 r - 182 arrows
Armour
 a - a +2 robe of positive energy
 c - a +1 helmet (worn)
 f - a +2 pair of gloves of strength (worn)
 g - a +1 robe of positive energy
 o - a scarf of cloud immunity (worn)
 x - the +9 plate armour of the Desert (worn) {rPois Str+4 Slay+3}
   (You found it on level 6 of the Dungeon)

   It affects your strength (+4).
   It affects your accuracy and damage with ranged weapons and melee attacks
   (+3).
   It protects you from poison.
 F - a +2 shield
Jewellery
 j - a ring of resist corrosion (left hand)
 n - an uncursed ring of wizardry {unknown}
 A - an uncursed ring of ice {unknown}
 C - an amulet of faith (around neck)
 O - a ring of see invisible (right hand)
 Q - an uncursed ring of flight
Wands
 m - a wand of disintegration (17/24)
 s - a wand of random effects (30/48)
 w - a wand of confusion (23/48)
 z - a wand of polymorph (6/24)
 K - a wand of paralysis (6/24)
Scrolls
 d - a scroll of immolation
 e - a scroll of enchant armour
 l - a scroll of blinking
 t - a scroll of fog
 y - 4 scrolls of identify
 D - 3 scrolls of teleportation
 J - 2 scrolls of remove curse
 S - a scroll of magic mapping
 T - 3 scrolls of enchant weapon
Potions
 h - 3 potions of invisibility
 k - 3 potions of curing
 p - a potion of resistance
 q - 2 potions of lignification
 L - 3 potions of haste
 U - a potion of agility
 Y - a potion of heal wounds
Books
 i - a book of Maledictions

   Spells                             Type                      Level
   a - Corona                         Hexes                        1
   b - Ensorcelled Hibernation        Hexes/Ice                    2
   c - Confuse                        Hexes                        3
   d - Tukima's Dance                 Hexes                        3
   e - Dazzling Spray                 Conjuration/Hexes            3
Comestibles
 I - a royal jelly
 N - a bread ration
 W - 11 fruits


   Skills:
 + Level 8.1 Fighting
   Level 2.3 Short Blades
 * Level 16.0(16.8) Axes
 * Level 8.5(12.7) Maces & Flails
 * Level 5.9 Bows
 + Level 9.6 Armour
 + Level 1.6 Dodging
 - Level 0.6 Stealth
 + Level 7.8 Shields
 * Level 10.4 Evocations


You had 13 spell levels left.
You didn't know any spells.

Dungeon Overview and Level Annotations

Branches:
Dungeon (8/15)             Temple (1/1) D:7            Lair (4/6) D:8
  Swamp (1/4) Lair:3        Snake (1/4) Lair:4

Altars:
Ashenzari
Cheibriados
Dithmenos
Elyvilon
Fedhas
Gozag
Hepliaklqana
Kikubaaqudgha
Makhleb
Nemelex Xobeh
Okawaru
Qazlal
Ru
Sif Muna
Trog
Uskayaw
Vehumet
Xom
Yredelemnul
Zin
The Shining One

Shops:
D:4 *

Annotations:
Lair:1 exclusion: oklob plant


Innate Abilities, Weirdness & Mutations

You are resistant to damage.
You can heal yourself by infusing magical energy.
You resist negative energy. (rN+)
You passively map the area around you.
You do not regenerate.
Your flesh is cold resistant. (rC+)
Your body sometimes deteriorates upon taking damage.
Your magical capacity is low. (-10% MP)


Message History

The bolt of electricity hits you!
* * * LOW HITPOINT WARNING * * *
The shock serpent bites you but does no damage.
You closely miss the shock serpent.
The shock serpent is severely wounded.
The shock serpent completely misses you.
You slash the shock serpent!
The shock serpent is almost dead.
The shock serpent's electric aura discharges, shocking you!
The shock serpent bites you!
* * * LOW HITPOINT WARNING * * *
The shock serpent shocks you!
* * * LOW HITPOINT WARNING * * *
You feel much better.
The shock serpent bites you but does no damage.
You closely miss the shock serpent.
The shock serpent is almost dead.
The shock serpent shoots out a bolt of lightning at you!
The bolt of electricity hits you!
You die...

##...###..## *#.....,,,,,****,,..
....###....###....#*,,,,,,****,..
....**#.....#...#***,,,.,,,,,*#..
##..*#....#....#* *,,,..***,,....
##......###..## *,,..,,***#..#.
*#....## ##.## **,.#,,,* #.....
##..#* #..###,.#*,,,**#..... #..*
*#....#..#**,,,#...... ##.#
*#..#.@...# *,,,.......
##.#**#..####S..#**,,,....... *
###...,...#* *#...#*,,,.......
###........#* *....#,,,.......
....#..###.## **.....,........
..##........# **.....,........
####........##****,,..#..........
..............,,,,,,.###.........
..............,,,,,,,* #.........


You could see a shock serpent.

Vanquished Creatures
  Jorgrun (Snake:2)
  4 hydras
  3 naga warriors (Snake:2)
  Erica (D:8)
  An alligator (Swamp:1)
  6 anacondas (Snake:2)
  A naga sharpshooter (Snake:2)
  A shock serpent (Snake:2)
  3 naga ritualists (Snake:2)
  2 mana vipers (Snake:2)
  A manticore (Lair:4)
  2 salamanders (Snake:2)
  4 elephants (Lair:3)
  18 black mambas
  A guardian serpent (Snake:2)
  4 naga magi (Snake:2)
  5 spiny frogs
  4 komodo dragons
  7 rime drakes (Lair:4)
  The ghost of Mitchell the Cutter, an amateur DsMo (Ossuary)
  16 blink frogs
  12 hippogriffs
  Sigmund (D:4)
  2 wraiths (Ossuary)
  3 basilisks
  8 wyverns
  11 yaks
  A hungry ghost (D:7)
  Menkaure (D:4)
  7 swamp worms (Lair:3)
  9 nagas
  2 wargs (D:8)
  3 orc warriors
  9 water moccasins
  6 porcupines
  A black bear (D:8)
  An ice beast (D:8)
  A hornet zombie (D:7)
  4 phantoms
  A necrophage (D:8)
  A sky beast (D:8)
  4 ogres
  The ghost of antares the Ruffian, an amateur DrTm (D:3)
  3 centaurs
  4 crocodiles
  6 bullfrogs
  Blork the orc (D:5)
  A water moccasin zombie (D:5)
  2 scorpions
  6 wights
  5 killer bees (D:8)
  4 howler monkeys
  An electric eel (Lair:3)
  A crimson imp (D:8)
  A bullfrog zombie (D:6)
  A quasit (D:5)
  2 gnoll shamans
  5 hounds
  3 orc priests
  Crazy Yiuf (D:4)
  2 orc wizards
  A bullfrog skeleton (D:6)
  2 centaur skeletons
  2 iguanas
  A worker ant (D:3)
  A killer bee zombie (D:6)
  A hound skeleton (D:6)
  Robin (D:4)
  13 adders
  12 gnolls
  A shadow imp (D:5)
  An ooze (D:2)
  5 adder zombies
  An adder skeleton (D:6)
  4 worms
  2 dart slugs (D:1)
  6 leopard geckos
  29 orcs
  3 ball pythons (D:3)
  3 bats
  6 giant cockroaches
  16 goblins
  15 hobgoblins
  7 jackals
  7 kobolds
  5 quokkas
  A ball python skeleton (Ossuary)
  2 frilled lizards
  2 hobgoblin zombies (Ossuary)
  A jackal zombie (D:8)
  A kobold zombie (Ossuary)
  An orc zombie (Ossuary)
  A quokka zombie (D:8)
  8 rats
  15 fungi
  15 plants
416 creatures vanquished.

Vanquished Creatures (others)
  2 plants (Lair:2)
2 creatures vanquished.

Grand Total: 418 creatures vanquished

Notes
Turn   | Place    | Note
-------+----------+-------------------------------------------
     0 | D:1      | Draznyth the Deep Dwarf Fighter began the quest for the Orb.
     0 | D:1      | Reached XP level 1. HP: 20/20 MP: 1/1
   134 | D:1      | Reached XP level 2. HP: 27/27 MP: 2/2
  1129 | D:2      | Reached XP level 3. HP: 23/33 MP: 3/3
  1947 | D:3      | Noticed antares's ghost (amateur DrTm)
  1956 | D:3      | Reached XP level 4. HP: 40/40 MP: 3/3
  3224 | D:3      | Reached XP level 5. HP: 25/49 MP: 4/4
  3619 | D:4      | Noticed Robin
  3622 | D:4      | Noticed Menkaure
  3669 | D:4      | Killed Robin
  3702 | D:4      | Killed Menkaure
  3702 | D:4      | Reached skill level 5 in Shields
  3702 | D:4      | Reached XP level 6. HP: 6/56 MP: 4/4
  3929 | D:4      | Noticed Sigmund
  4133 | D:4      | Found a runed door.
  4137 | D:4      | Noticed Crazy Yiuf
  4163 | D:4      | Killed Crazy Yiuf
  4446 | D:4      | Reached skill level 5 in Armour
  4564 | D:4      | Found Giklab's Assorted Antiques.
  4572 | D:4      | Bought a scroll labeled GILAGH WOGURPH for 25 gold pieces
  4597 | D:5      | Entered Level 5 of the Dungeon
  4750 | D:6      | Found a sand-covered staircase.
  4760 | Ossuary  | Entered an ossuary
  4845 | Ossuary  | Reached XP level 7. HP: 62/62 MP: 4/4
  4896 | Ossuary  | Noticed a flying skull
  4896 | Ossuary  | Noticed a wraith
  4906 | Ossuary  | Noticed a flying skull
  4932 | Ossuary  | Noticed Mitchell's ghost (amateur DsMo)
  4988 | Ossuary  | Killed Mitchell's ghost
  4988 | Ossuary  | Reached skill level 1 in Short Blades
  4991 | Ossuary  | Noticed a flying skull
  4991 | Ossuary  | Noticed a flying skull
  4993 | Ossuary  | Noticed a flying skull
  5056 | Ossuary  | Noticed a wraith
  5060 | Ossuary  | Killed a wraith
  5075 | Ossuary  | Noticed a wraith
  5086 | Ossuary  | Killed a wraith
  5086 | Ossuary  | Reached XP level 8. HP: 61/72 MP: 5/5
  5231 | D:6      | Got a warped plate armour
  5247 | D:6      | Identified the +9 plate armour of the Desert {rPois Str+4 Slay+3} (You found it on level 6 of the Dungeon)
  5680 | D:6      | Reached skill level 1 in Axes
  5703 | D:6      | Reached skill level 2 in Axes
  5938 | D:6      | Reached skill level 3 in Axes
  5938 | D:6      | Reached skill level 1 in Evocations
  6149 | D:6      | Reached skill level 4 in Axes
  6226 | D:6      | Reached skill level 1 in Dodging
  6505 | D:7      | Reached skill level 5 in Maces & Flails
  6519 | D:7      | Reached skill level 5 in Axes
  6696 | D:7      | Found a staircase to the Ecumenical Temple.
  6711 | Temple   | Entered the Ecumenical Temple
  6749 | Temple   | Became a worshipper of Makhleb the Destroyer
  6996 | D:7      | Gained mutation: You passively map the area around you. [Deep Dwarf growth]
  6996 | D:7      | Reached XP level 9. HP: 49/78 MP: 6/8
  7303 | D:5      | Noticed Blork the orc
  7308 | D:5      | Killed Blork the orc
  7308 | D:5      | Reached skill level 6 in Axes
  7508 | D:5      | Found a sacrificial altar of Ru.
  7586 | D:5      | Reached * piety under Makhleb
  8053 | D:4      | Reached skill level 7 in Axes
  8053 | D:4      | Reached skill level 1 in Bows
  8162 | D:4      | Killed Sigmund
  8535 | D:3      | Killed antares's ghost
  9146 | D:8      | Noticed Erica
  9155 | D:8      | Killed Erica
  9155 | D:8      | Reached skill level 8 in Axes
  9155 | D:8      | Reached XP level 10. HP: 74/87 MP: 10/10
  9157 | D:8      | Reached ** piety under Makhleb
  9382 | D:8      | Reached skill level 9 in Axes
  9496 | D:8      | Reached skill level 5 in Evocations
  9645 | D:8      | Found a staircase to the Lair.
  9757 | D:8      | Reached *** piety under Makhleb
  9845 | D:8      | Reached skill level 10 in Axes
  9850 | D:8      | Gained mutation: Your flesh is cold resistant. (rC+) [mutagenic meat]
  9852 | D:8      | Gained mutation: Your magical capacity is low. (-10% MP) [mutagenic meat]
  9853 | D:8      | Gained mutation: Your body sometimes deteriorates upon taking damage. [mutagenic meat]
 10005 | Lair:1   | Entered Level 1 of the Lair of Beasts
 10170 | Lair:1   | Reached skill level 5 in Fighting
 10198 | Lair:1   | Noticed an oklob plant
 10239 | Lair:1   | Reached skill level 11 in Axes
 10246 | Lair:1   | Reached XP level 11. HP: 65/94 MP: 9/10
 10881 | Lair:2   | Got a steaming ring mail
 11173 | Lair:2   | Reached **** piety under Makhleb
 11406 | Lair:3   | Reached skill level 12 in Axes
 11416 | Lair:3   | Noticed a five-headed hydra
 11722 | Lair:3   | Noticed a six-headed hydra
 11755 | Lair:3   | Killed a six-headed hydra
 11912 | Lair:3   | Reached XP level 12. HP: 64/105 MP: 12/12
 12061 | Lair:3   | Killed a five-headed hydra
 12061 | Lair:3   | Reached skill level 13 in Axes
 12254 | Lair:3   | Reached ***** piety under Makhleb
 12275 | Lair:3   | Found a staircase to the Swamp.
 12353 | Lair:3   | Noticed an eight-headed hydra
 12368 | Lair:3   | Killed an eight-headed hydra
 12452 | Swamp:1  | Entered Level 1 of the Swamp
 12456 | Swamp:1  | Noticed an alligator
 12466 | Swamp:1  | Killed an alligator
 13005 | Lair:4   | Found a staircase to the Snake Pit.
 13156 | Lair:4   | Noticed a six-headed hydra
 13169 | Lair:4   | Killed a six-headed hydra
 13307 | Lair:4   | Reached skill level 14 in Axes
 13540 | Lair:4   | Reached skill level 5 in Bows
 13566 | Lair:4   | Reached XP level 13. HP: 115/115 MP: 11/11
 13781 | Snake:1  | Entered Level 1 of the Snake Pit
 13792 | Snake:1  | You fall through a shaft!
 13885 | Snake:2  | Reached skill level 15 in Axes
 14146 | Snake:2  | Found a hazy altar of Hepliaklqana.
 14152 | Snake:2  | Reached ****** piety under Makhleb
 14269 | Snake:2  | Reached skill level 10 in Evocations
 14395 | Snake:2  | Noticed Jorgrun
 14421 | Snake:2  | Killed Jorgrun
 14598 | Snake:2  | Reached skill level 16 in Axes
 14598 | Snake:2  | Gained mutation: You resist negative energy. (rN+) [Deep Dwarf growth]
 14598 | Snake:2  | Reached XP level 14. HP: 57/126 MP: 13/13
 14670 | Snake:2  | HP: 5/126 [shock serpent/bolt of electricity (15)]
 14675 | Snake:2  | Killed from afar by a shock serpent

Skill      XL: |  1  2  3  4  5  6  7  8  9 10 11 12 13 |
---------------+----------------------------------------+-----
Shields        | 4 5 6 7 |  7.8
Armour         | 4 5 6 7 8 9 |  9.6
Fighting       | 3 4 5 6 7 8 |  8.1
Maces & Flails | 3 4 5 6 7 8 |  8.5
Short Blades   | 2 |  2.3
Axes           | 5 8 11 12 14 16 | 16.0
Evocations     | 2 4 6 8 9 10 | 10.4
Dodging        | 1 |  1.6
Bows           | 2 3 4 5 |  5.9
Stealth        | |  0.6

Action                   |  1- 3 |  4- 6 |  7- 9 | 10-12 | 13-15 || total
-------------------------+-------+-------+-------+-------+-------++-------
Melee: Flail             |   117 |       |       |    71 |       ||   188
       Club              |    12 |   842 |       |       |       ||   854
       Dagger            |       |    22 |    85 |       |       ||   107
       War axe           |       |       |   224 |   478 |   281 ||   983
       Battleaxe         |       |       |    28 |   198 |       ||   226
 Fire: Shortbow          |       |       |    22 |     1 |       ||    23
 Abil: Heal Wounds       |     1 |     7 |     1 |     7 |     4 ||    20
       Evoke Flight      |       |       |       |     1 |       ||     1
  Use: Scroll            |     4 |     8 |     9 |     5 |     4 ||    30
       Potion            |       |     2 |     1 |     6 |     3 ||    12
  Eat: Chunk             |     3 |     5 |     3 |    12 |     3 ||    26
       Meat ration       |       |     1 |       |       |       ||     1
       Royal jelly       |       |     1 |       |     1 |       ||     2
       Bread ration      |       |       |     3 |     1 |       ||     4
       Fruit             |       |       |     2 |     1 |     1 ||     4
Armor: Scale mail        |     9 |       |       |       |       ||     9
       Plate armour      |    70 |   630 |   209 |   656 |   296 ||  1861
Dodge: Dodged            |    25 |   183 |    93 |   310 |    89 ||   700
Block: Shield            |    60 |   540 |   131 |       |       ||   731
